 Dungeon Crawl Stone Soup version 0.26.0-20-g3ca415f5b8 (webtiles) character file.

Game seed: 15257442065184671253

206 kaeus the Firebug (level 5, -2/28 HPs)
             Began as a Gargoyle Fire Elementalist on Jan 25, 2021.
             Killed from afar by a white imp (7 damage)
             ... with a puff of frost
             ... on level 4 of the Dungeon.
             The game lasted 00:05:20 (6087 turns).

kaeus the Firebug (Gargoyle Fire Elementalist)      Turns: 6087, Time: 00:05:20

Health: -2/28      AC:  6    Str: 11    XL:     5   Next: 84%
Magic:  6/9        EV: 12    Int: 17    God:
Gold:   284        SH:  0    Dex: 10    Spells: 8/9 levels left

rFire    . . .     SeeInvis +   j - +0 hand axe
rCold    . . .     Faith    .   (no shield)
rNeg     + . .     Spirit   .   a - +0 robe
rPois    ∞         Reflect  .   (no helmet)
rElec    +         Harm     .   (no cloak)
rCorr    .         Rampage  .   (no gloves)
Will     .....                  (no boots)
Stlth    ++........             (no amulet)
HPRegen  0.09/turn              m - ring of see invisible
MPRegen  0.11/turn              o - ring of poison resistance

@: no status effects
A: negative energy resistance 1, electricity resistance, unbreathing,
petrification resistance, miasma immunity, AC +4
a: no special abilities


You were on level 4 of the Dungeon.
You visited 1 branch of the dungeon, and saw 5 of its levels.

You collected 284 gold pieces.

Inventory:

Hand Weapons
 j - a +0 hand axe (weapon)
Armour
 a - a +0 robe (worn)
Jewellery
 m - a ring of see invisible (left hand)
 o - a ring of poison resistance (right hand)
Scrolls
 d - 8 scrolls of identify {unknown}
 e - 3 scrolls of remove curse {unknown}
 g - 2 scrolls of enchant armour {unknown}
 h - 2 scrolls of teleportation {unknown}
 i - a scroll of amnesia {unknown}
 l - a scroll of noise {unknown}
 r - a scroll of magic mapping {unknown}
 s - a scroll of immolation {unknown}
Potions
 b - 2 potions of berserk rage {unknown}
 c - a potion of lignification {unknown}
 f - a potion of heal wounds {unknown}
 k - a potion of mutation {unknown}
 n - a potion of haste {unknown}
 p - a potion of magic {unknown}
 q - a potion of resistance {unknown}


   Skills:
 - Level 1.5 Dodging
 - Level 2.1 Stealth
 + Level 2.9 Spellcasting
 * Level 3.9 Conjurations
 * Level 4.5 Fire Magic


You had 8 spell levels left.
You knew the following spells:

 Your Spells              Type           Power        Failure   Level
a - Foxfire               Conj/Fire      68%          3%          1

Your spell library contained the following spells:

 Spells                   Type           Power        Failure   Level
 Conjure Flame            Conj/Fire      17%          9%          3
 Corona                   Hex            2%           19%         1
 Inner Flame              Hex/Fire       10%          21%         3
 Slow                     Hex            2%           26%         2
 Sticky Flame             Conj/Fire      17%          30%         4
 Portal Projectile        Hex/Tloc       4%           47%         3
 Fireball                 Conj/Fire      8%           63%         5
 Cause Fear               Hex            1%           87%         4
 Leda's Liquefaction      Hex/Erth       1%           87%         4


Dungeon Overview and Level Annotations

Branches:
Dungeon (5/15)
 Temple: D:4-7

Altars:
Gozag


Innate Abilities, Weirdness & Mutations

You are resistant to torment.
Your stone body is resilient. (AC +4)
You are immune to poison.
You resist negative energy. (rN+)
You are resistant to electric shocks. (rElec)
You can survive without breathing.
You are immune to petrification.
You are immune to miasma.


Message History

The white imp hits you but does no damage.
The worker ant bites you but does no damage.
You take 4 damage, and have 7/28 hp.
Casting: Foxfire (safe; 3% risk of failure)
Confirm with . or Enter, or press ? or * to list all spells.
You conjure some foxfire!
The white imp barely misses you. The worker ant closely misses you.
You now have 6/9 mp.
You hit the worker ant.
The worker ant is heavily wounded.
You closely miss the white imp.
The foxfire hits the white imp.
The white imp is burned terribly!
The white imp is heavily wounded.
The foxfire hits the worker ant.
The worker ant is severely wounded.
The white imp closely misses you. The worker ant bites you.
* * * LOW HITPOINT WARNING * * *
The white imp gestures at you. The puff of frost hits you!
You die...

.#####..# ##...## ##...........
...####.## ###..## #...........
.........###...## #..##....#..
................# #..##...##..
[...............######.##...####.
............##.....#........# #.
####.......##...............## #.
####(..................#.....###.
#..##.........5@)....##.........
###.###....#...B......###..##....
..#..##...###.........# #.......#
..#......##...........###....####
.........##.................##
..#..##...#................##
.##..###..................## #
.......#..................## #
.###.........<.............# #


You could see a worker ant and a white imp.

Vanquished Creatures
  A worker ant zombie (D:2)
  5 gnolls
  7 adders
  3 oozes
  2 worms
  3 dart slugs
  3 leopard geckos
  4 orcs
  4 bats
  A giant cockroach (D:1)
  6 goblins
  4 hobgoblins
  4 jackals (D:1)
  9 kobolds
  2 frilled lizards (D:2)
  5 rats
63 creatures vanquished.

Vanquished Creatures (collateral kills)
  23 foxfires (D:2)
23 creatures vanquished.

Vanquished Creatures (others)
  204 foxfires
  5 plants (D:2)
209 creatures vanquished.

Grand Total: 295 creatures vanquished

Notes
Turn   | Place    | Note
-------+----------+-------------------------------------------
     0 | D:1      | kaeus the Gargoyle Fire Elementalist began the quest for
                  | the Orb.
     0 | D:1      | Reached XP level 1. HP: 10/10 MP: 3/3
   286 | D:1      | Reached XP level 2. HP: 15/15 MP: 0/5
  1319 | D:2      | Reached XP level 3. HP: 19/19 MP: 0/6
  1594 | D:2      | Reached XP level 4. HP: 21/24 MP: 2/7
  1949 | D:2      | Reached skill level 4 in Fire Magic
  2377 | D:2      | Found an opulent altar of Gozag.
  2426 | D:2      | Reached XP level 5. HP: 19/28 MP: 5/8
  3911 | D:3      | Found a faded altar of an unknown god.
  4311 | D:3      | You fall into a shaft and drop 2 floors!
  4311 | D:5      | Entered Level 5 of the Dungeon
  4323 | D:5      | Noticed an ogre
  6087 | D:4      | Killed from afar by a white imp

Illustrated notes

Levels and vault maps discovered:
D:1:      tarquinn_simple_flora_water_c, layout_basic, minmay_misc_feat_tower,
          kennysheep_flooded_box, supply_closet_lemuel,
          hangedman_decor_slide_cut
D:2:      minmay_recursive_quarters, layout_basic, serial_forest,
          infiniplex_forest_clump_small, infiniplex_forest_clump_double,
          infiniplex_forest_fountain, infiniplex_forest_clump_diagonal,
          infiniplex_forest_clump_small, infiniplex_forest_side_room,
          infiniplex_forest_clump_tiny, infiniplex_forest_clump_C,
          infiniplex_forest_end_double, st_stairs_11, minmay_misc_feat_hallway,
          nicolae_gozag_seed_capital
D:3:      layout_basic, chequers_ecumenical_altar_simple_redux
D:4:      layout_layer_cave
D:5:      layout_basic, overflow_temple_1_default, zin_academy

Skill      XL: |  1  2  3  4 |
---------------+-------------+-----
Conjurations   | 2 3 |  3.9
Fire Magic     | 4 |  4.5
Dodging        | |  1.5
Stealth        | |  2.1
Spellcasting   | |  2.9

Action                   |  1- 3 |  4- 6 || total
-------------------------+-------+-------++-------
Melee: Short sword       |    39 |    67 ||   106
       Hand axe          |       |    14 ||    14
 Cast: Foxfire           |    55 |   100 ||   155
 Stab: Sleeping          |     1 |       ||     1
Armor: Robe              |    11 |    42 ||    53
Dodge: Dodged            |    46 |    54 ||   100
